[Event "45th FIDE Olympiad 2024"]
[Site "Budapest"]
[Date "2024.09.11"]
[Round "1"]
[White "Maharaj, Yash Krishen"]
[Black "Fitzsimons, David"]
[Result "0-1"]
[ECO "B90"]
[WhiteElo "1847"]
[BlackElo "2315"]
[Annotator "TA"]
[PlyCount "54"]
[EventDate "2024.09.05"]
[EventType "team-tourn"]
[EventCountry "HUN"]
[SourceTitle "playchess.com"]
[Source "ChessBase"]
[SourceQuality "1"]
[WhiteTeam "Fiji"]
[BlackTeam "Ireland"]
[WhiteTeamCountry "FIJ"]
[BlackTeamCountry "IRL"]
[TimeControl "40/5400+30:1800+30"]

1. e4 c5 2. Nf3 d6 3. d4 cxd4 4. Nxd4 Nf6 5. Nc3 a6 6. f3 e5 7. Nb3 Be6 8. Be3 h5 9. Qd2 Nbd7 10. O-O-O b5 11. a3 Rc8 12. Kb1 Be7 {The position is equal.} 13. Be2 Nb6 14. Rhg1 Qc7 15. Bxb6 Qxb6 16. f4 b4 17. axb4 Qxb4 18. Bxa6 {[#] Hoping for fxe5.} Rb8 19. Bb5+ $2 Rxb5 $19 20. Nxb5 Qxb5 21. Rge1 O-O 22. h3 (22. Qa5 $142 Qc4 23. f5) 22... Ra8 23. Qd3 Qa4 {[#] ...Bc4 is the strong threat.} 24. Kc1 d5 25. exd5 Nxd5 {...Nb4 would now be deadly.} 26. Re4 {White is weak on the dark squares} Bb4 27. Kb1 {Wards off Qa1+} Qa2+ {Weighted Error Value: White=1.22/Black=0.31.  Loses game:     	White=1     	---        Mistake:       	White=1     	---        Inaccurate:     	White=2     	Black=1      OK:         	White=3     	Black=3      Best:        	---       	Black=1} 0-1

[Event "45th FIDE Olympiad 2024"]
[Site "Budapest"]
[Date "2024.09.11"]
[Round "1.1"]
[White "Sanchez Alvarez, Roberto Carlos"]
[Black "So, Wesley"]
[Result "1/2-1/2"]
[ECO "E56"]
[WhiteElo "2376"]
[BlackElo "2752"]
[Annotator "TA"]
[PlyCount "81"]
[EventDate "2024.09.05"]
[EventType "team-tourn"]
[EventCountry "HUN"]
[SourceTitle "playchess.com"]
[Source "ChessBase"]
[SourceQuality "1"]
[WhiteTeam "Panama"]
[BlackTeam "United States of America"]
[WhiteTeamCountry "PAN"]
[TimeControl "40/5400+30:1800+30"]

1. d4 Nf6 2. c4 e6 3. Nc3 Bb4 4. e3 O-O 5. Bd3 d5 6. Nf3 dxc4 7. Bxc4 c5 8. O-O Nc6 9. a3 Ba5 10. Qd3 a6 11. Rd1 b5 12. Ba2 Bb7 13. Qe2 (13. dxc5 $5 Bxc3 14. Qc2 $11 (14. bxc3 Qxd3 15. Rxd3 Ne4 $11)) 13... cxd4 14. exd4 Bxc3 15. bxc3 Ne7 16. c4 bxc4 17. Bxc4 Ng6 18. Ne5 {[%emt 0:17:41] The position is equal.} Ne4 19. Nxg6 hxg6 20. Bb2 {[%emt 0:03:09][%cal Bc1b2,Bb2c3,Bc3b4,Bb4d6][%mdl 32] Dodges Nc3} Re8 21. Rac1 Qb6 22. f3 Nd6 23. Kh1 Rab8 {[%emt 0:02:37] [#] And now ...Bd5 would win.} 24. Bc3 Nxc4 25. Qxc4 Rec8 26. Qe2 {[%emt 0:06:00] White is weak on the light squares} Bd5 27. Qd2 Qb3 28. Bb4 a5 29. Bd6 Ra8 30. h3 f6 31. Kh2 g5 32. Rxc8+ Rxc8 33. Rc1 Rd8 34. Bc7 Ra8 35. Bd6 Qb6 36. Bc7 Qb7 37. Rc3 a4 38. Qc1 Rc8 39. Bd6 Bc6 40. Bg3 Bd7 41. Rxc8+ {[%emt 0:30:26] An even fight not without its subleties.   Weighted Error Value: White=0.04 (flawless) /Black=0.04 (flawless) .  Inaccurate:     	White=1     	Black=1      OK:         	White=14    	Black=12     Best:        	White=1     	---} 1/2-1/2

[Event "45th FIDE Olympiad 2024"]
[Site "Budapest"]
[Date "2024.09.11"]
[Round "1.1"]
[White "Khalema, Sechaba"]
[Black "Mohammad Fahad, Rahman"]
[Result "0-1"]
[ECO "D38"]
[WhiteElo "1779"]
[BlackElo "2419"]
[Annotator "TA"]
[PlyCount "40"]
[EventDate "2024.09.05"]
[EventType "team-tourn"]
[EventCountry "HUN"]
[SourceTitle "playchess.com"]
[Source "ChessBase"]
[SourceQuality "1"]
[WhiteTeam "Lesotho"]
[BlackTeam "Bangladesh"]
[WhiteTeamCountry "LES"]
[BlackTeamCountry "BAN"]
[TimeControl "40/5400+30:1800+30"]

1. d4 Nf6 2. c4 e6 3. Nf3 d5 4. Nc3 Bb4 5. cxd5 exd5 6. Bg5 h6 7. Bf4 Ne4 8. Qb3 (8. Rc1 $11 {is more appropriate.}) 8... c5 {Black is slightly better.} 9. Bxb8 (9. Nd2 $11 {keeps the balance.}) 9... Rxb8 $17 10. dxc5 Qa5 ({Don't play} 10... Bxc5 $6 11. Nxe4 (11. Nxd5 $2 Bxf2+ 12. Kd1 O-O $19) 11... dxe4 12. Qb5+ Bd7 13. Qxc5 $16) 11. Rc1 Nxc5 12. Qc2 Qxa2 {...0-0 is the strong threat. Black is more active.} 13. e3 O-O 14. Nd2 {Dodges Nb3} (14. Be2 $17 {might work better.}) 14... Bxc3 $19 15. Qxc3 Na4 16. Qc7 {[#]} (16. Qd4 {was worth a try.} Qxb2 17. Qxb2 Nxb2 18. Ra1) 16... Bf5 ({But not} 16... Qxb2 17. Rb1 Qa3 18. Bb5 $19 (18. Qxb8 $2 {too greedy.} Nc3 $19)) 17. Qa5 $2 (17. Qe5 Rbc8 (17... Qxb2 $2 18. Qxb2 Nxb2 19. Nb3 $19) 18. Rxc8 Qa1+ (18... Bxc8 $2 19. Be2 $19) (18... Rxc8 $2 19. Qxf5 Rc1+ 20. Ke2 $19) 19. Ke2 Bxc8 20. Qxd5) 17... Qxb2 {Black is clearly winning.} 18. Rd1 Bc2 19. Be2 Bxd1 20. Bxd1 Nc3 {White got outplayed after the opening.   Weighted Error Value: White=0.72/Black=0.06 (flawless) .  Mistake:       	White=5     	---        Inaccurate:     	White=2     	Black=1      OK:         	White=2     	Black=8} 0-1

[Event "45th FIDE Olympiad 2024"]
[Site "Budapest"]
[Date "2024.09.11"]
[Round "1.2"]
[White "Dominguez Perez, Leinier"]
[Black "Delgado Rosas, Alex Antonio"]
[Result "1-0"]
[ECO "C42"]
[WhiteElo "2748"]
[BlackElo "2157"]
[Annotator "TA"]
[PlyCount "65"]
[EventDate "2024.09.05"]
[EventType "team-tourn"]
[EventCountry "HUN"]
[SourceTitle "playchess.com"]
[Source "ChessBase"]
[SourceQuality "1"]
[WhiteTeam "United States of America"]
[BlackTeam "Panama"]
[BlackTeamCountry "PAN"]
[TimeControl "40/5400+30:1800+30"]

1. e4 e5 2. Nf3 Nf6 3. Nxe5 d6 4. Nf3 Nxe4 5. d4 d5 6. Bd3 Bd6 7. O-O O-O 8. c4 c6 9. Re1 Bf5 10. Ng5 Nd7 11. cxd5 cxd5 12. Qf3 $1 {[%emt 0:00:21] White is slightly better.} Bg6 13. Nxe4 dxe4 14. Bxe4 Re8 15. Nc3 Qb6 16. Rd1 Nf6 {[%emt 0:03:12] [#]} 17. Bxg6 (17. Bxb7 $2 {is the wrong capture.} Rab8 18. Bd5 (18. Bc6 $2 Bh5 $19) 18... Bh5 $19) 17... hxg6 18. g3 Rad8 19. Bg5 Bb4 (19... Be7 $142) 20. Bxf6 $16 Qxf6 21. Qxb7 Rb8 (21... Ba5 {keeps fighting.}) 22. Qxa7 $18 Bxc3 23. bxc3 Rb2 24. Rf1 Ree2 25. Qa8+ Kh7 26. Qg2 g5 (26... Rbc2 $142 27. Rae1 Rxa2 28. Rxe2 Rxe2 29. Qh3+ Kg8) 27. a4 g6 (27... Qf5 $142 28. a5 f6) 28. a5 {[%emt 0:00:49] And now a6 would win.} Qa6 29. Qf3 Kg7 30. Rae1 Red2 31. Re7 Qc4 {[%emt 0:00:11] [#]} (31... Qf6 32. Qxf6+ Kxf6) 32. a6 $1 {[%emt 0:01:39] a7 is the strong threat.} Rd3 {[%emt 0:01:27] [#]} (32... g4 33. Qf4) 33. Rxf7+ $3 {[%emt 0:00:20][%mdl 512] Black did not feel at home in the position after the opening.   Weighted Error Value: White=0.06 (flawless) /Black=0.40.  Mistake:       	---       	Black=5      Inaccurate:     	---       	Black=4      OK:         	White=13    	Black=2      Best:        	White=2     	Black=1      Strong:       	White=1     	---        Brilliant:      	White=1     	---} 1-0

[Event "45th FIDE Olympiad 2024"]
[Site "Budapest"]
[Date "2024.09.11"]
[Round "1.2"]
[White "Manon, Reja Neer"]
[Black "Thabang, Mphane"]
[Result "1-0"]
[ECO "B05"]
[WhiteElo "2417"]
[BlackElo "1799"]
[Annotator "TA"]
[PlyCount "63"]
[EventDate "2024.09.05"]
[EventType "team-tourn"]
[EventCountry "HUN"]
[SourceTitle "playchess.com"]
[Source "ChessBase"]
[SourceQuality "1"]
[WhiteTeam "Bangladesh"]
[BlackTeam "Lesotho"]
[WhiteTeamCountry "BAN"]
[BlackTeamCountry "LES"]
[TimeControl "40/5400+30:1800+30"]

1. e4 Nf6 2. e5 Nd5 3. d4 d6 4. Nf3 Bg4 5. Be2 Nc6 6. c4 Nb6 7. exd6 cxd6 8. b3 (8. d5 $16 Bxf3 9. Bxf3) 8... g6 9. Bb2 Bg7 10. Qd2 {[#] And now d5 would win.} d5 {The position is equal.} 11. c5 Nd7 12. h3 (12. O-O $11) 12... Bf5 (12... Bxf3 $17 13. Bxf3 e6) 13. O-O O-O 14. b4 a6 15. a4 a5 16. b5 {g4 would now be deadly.} Nb4 17. Na3 Nf6 18. Qe3 Ne4 {Strongly threatening ...Nxc5.} 19. Ne5 Rc8 20. g4 Be6 {[#]} (20... f6 $11 {keeps the balance.} 21. Nd3 Bd7) 21. f4 (21. f3 $1 $16 Bxe5 22. dxe5 (22. fxe4 Bg7 $16) 22... Nxc5 23. Bd4) 21... f5 22. g5 Bd7 (22... Bxe5 $17 23. fxe5 f4 24. Rxf4 Rxf4 (24... Nxg5 $2 25. Rxf8+ Qxf8 26. Qxg5 $18) 25. Qxf4 Qd7) 23. h4 $11 Be8 (23... e6 $11) 24. Rab1 h6 25. Nd3 hxg5 26. hxg5 Nxd3 27. Bxd3 Bd7 28. Kg2 Kf7 29. Rh1 e5 30. Bxe4 $16 dxe4 (30... fxe4 31. dxe5 (31. fxe5 Kg8 $14) 31... Qe7) 31. Nc4 $18 ({Inferior is} 31. fxe5 f4 32. Qxf4+ (32. Qxe4 Qxg5+ 33. Kf2 Qg3+ 34. Ke2 Bf5 $19) 32... Ke8 $11) 31... Be6 {aiming for ...exf4.} 32. Nd6+ {Weighted Error Value: White=0.25 (precise) /Black=0.31.  Mistake:       	White=2     	Black=6      Inaccurate:     	White=6     	Black=4      OK:         	White=7     	Black=5      Best:        	White=1     	Black=1} (32. Nxe5+ Bxe5 33. d5 (33. dxe5 Qd3 $16) (33. fxe5 Kg7 $15) 33... Qxd5 (33... Bxb2 $2 34. dxe6+ Kg8 35. Rbd1 $18) 34. Bxe5 Qxc5 35. Rh7+ Ke8 36. Qxc5 Rxc5 37. Rxb7 e3 $18) 1-0

[Event "45th FIDE Olympiad 2024"]
[Site "Budapest"]
[Date "2024.09.11"]
[Round "1.3"]
[White "Mendez Machado, Andre"]
[Black "Aronian, Levon"]
[Result "0-1"]
[ECO "B30"]
[WhiteElo "2122"]
[BlackElo "2729"]
[Annotator "TA"]
[PlyCount "90"]
[EventDate "2024.09.05"]
[EventType "team-tourn"]
[EventCountry "HUN"]
[SourceTitle "playchess.com"]
[Source "ChessBase"]
[SourceQuality "1"]
[WhiteTeam "Panama"]
[BlackTeam "United States of America"]
[WhiteTeamCountry "PAN"]
[TimeControl "40/5400+30:1800+30"]

1. e4 c5 2. Nf3 Nc6 3. Bb5 Nf6 4. Nc3 g6 5. e5 Nh5 6. Bxc6 dxc6 7. O-O Ng7 8. d3 {[%emt 0:06:49] The position is equal.} h6 9. Ne4 b6 10. Re1 Nf5 11. c3 g5 12. Qa4 Qc7 $2 (12... Bb7 $16) 13. g4 $18 Qb7 14. gxf5 Bxf5 15. d4 Bg4 16. Nfd2 (16. d5 $142 Bxf3 17. dxc6) 16... cxd4 17. Nb3 O-O-O 18. cxd4 {[%emt 0:01:20] Strongly threatening Re3.} Kb8 19. Bd2 Bd7 $2 (19... Be6 20. Rac1 Rc8) 20. Qa3 (20. Nbc5 $142 bxc5 21. Ba5 (21. Nxc5 Qb5 $18) (21. dxc5 Be6 $11)) 20... Bf5 21. Rac1 e6 22. Qa4 Rc8 23. Rc3 {[%emt 0:03:53][%cal Ob3a5] Hoping for Na5!} Ka8 24. Ng3 Bh3 25. Nf1 $2 (25. Rce3 $18 {is more deadly.}) 25... b5 $16 {[%emt 0:03:18] [#]} 26. Na5 $1 bxa4 $11 27. Nxb7 Bxf1 28. Kxf1 ({Don't play} 28. Nd6 $6 Bxd6 29. exd6 Ba6 $14) 28... Kxb7 29. Rc4 {[%emt 0:00:19] Repels Bb4} Be7 30. Rxa4 Rhd8 31. Be3 {[%emt 0:00:38][%cal Od4d5] Threatens to win with d5!} c5 32. dxc5 Bxc5 33. Re4 Bb6 34. Bxb6 axb6 {[%emt 0:00:07][%mdl 4096] Endgame. KRR-KRR} 35. R1e2 {[%emt 0:00:32] Repels Rc2} Rd1+ 36. Kg2 h5 37. f4 g4 38. Kg3 Rg8 39. R4e3 Rf1 40. Rf2 {[%emt 0:00:37] [#]} (40. Rd2 $11) 40... h4+ $1 $17 41. Kg2 Rd1 (41... Rxf2+ $142 42. Kxf2 Ra8) 42. Ree2 $2 (42. f5 $17) 42... h3+ {[%emt 0:00:00] Black mates.} 43. Kg3 Rg1+ 44. Kh4 g3 45. hxg3 R1xg3 {[%emt 0:00:00] Never resign too early!   Weighted Error Value: White=0.56/Black=0.36.  Loses game:     	White=1     	Black=1      Missed win:     	White=1     	---        Mistake:       	White=4     	Black=2      Inaccurate:     	White=1     	Black=4      OK:         	White=16    	Black=7      Best:        	White=2     	Black=3      Brilliant:      	---       	Black=1} 0-1

[Event "45th FIDE Olympiad 2024"]
[Site "Budapest"]
[Date "2024.09.11"]
[Round "1.3"]
[White "Tsephe, Lebajoa"]
[Black "Hossain, Enamul"]
[Result "0-1"]
[ECO "B14"]
[WhiteElo "1900"]
[BlackElo "2354"]
[Annotator "ChessBase"]
[PlyCount "91"]
[EventDate "2024.09.05"]
[EventType "team-tourn"]
[EventCountry "HUN"]
[SourceTitle "playchess.com"]
[Source "ChessBase"]
[SourceQuality "1"]
[WhiteTeam "Lesotho"]
[BlackTeam "Bangladesh"]
[WhiteTeamCountry "LES"]
[BlackTeamCountry "BAN"]
[TimeControl "40/5400+30:1800+30"]

1. d4 d5 2. c4 c5 3. e3 cxd4 4. exd4 Nf6 5. Nc3 g6 6. Qb3 Bg7 7. cxd5 O-O 8. Be2 Nbd7 9. Bf3 Nb6 10. a4 a5 11. Nge2 Bg4 12. Bxg4 Nxg4 13. O-O Nf6 14. Nf4 Qd6 15. Nd3 Nbxd5 16. Nb5 Qd8 17. Bf4 Nxf4 18. Nxf4 Bh6 19. Qf3 Rc8 20. Nd3 Qd5 21. Qe2 Rfe8 22. f4 Bg7 23. Rfe1 e6 24. Ne5 Red8 25. Qd2 Bf8 26. Qd3 Bb4 27. Rec1 Qe4 28. Qxe4 Nxe4 29. g3 Nd2 30. Rd1 Rc2 31. Nd3 Nf3+ 32. Kf1 Nxh2+ 33. Kg1 Nf3+ 34. Kf1 Nd2+ 35. Kg1 Ne4 36. g4 h5 37. gxh5 gxh5 38. Rac1 Re2 39. Nxb4 axb4 40. Re1 Ng3 41. Rb1 Rc2 42. Re3 h4 43. Rb3 Kh7 44. Re1 Rg8 45. Re5 h3 46. Rf5 0-1

[Event "45th FIDE Olympiad 2024"]
[Site "Budapest"]
[Date "2024.09.11"]
[Round "1.4"]
[White "Robson, Ray"]
[Black "Baules Rodriguez, Jorge Luis"]
[Result "1-0"]
[ECO "B72"]
[WhiteElo "2700"]
[BlackElo "2271"]
[Annotator "TA"]
[PlyCount "63"]
[EventDate "2024.09.05"]
[EventType "team-tourn"]
[EventCountry "HUN"]
[SourceTitle "playchess.com"]
[Source "ChessBase"]
[SourceQuality "1"]
[WhiteTeam "United States of America"]
[BlackTeam "Panama"]
[BlackTeamCountry "PAN"]
[TimeControl "40/5400+30:1800+30"]

1. e4 c5 2. Nf3 d6 3. d4 cxd4 4. Nxd4 Nf6 5. Nc3 g6 6. Be3 Bg7 7. f3 O-O 8. Qd2 Nc6 9. Bc4 Bd7 10. O-O-O Rc8 11. Be2 Nxd4 12. Bxd4 Qa5 13. Kb1 Rfe8 14. g4 Be6 {[%emt 0:09:53][%cal Oc8c3] [#] ...Rxc3! would now be deadly.} 15. a3 a6 16. h4 b5 17. h5 {[%emt 0:07:30] White is better.} b4 18. axb4 Qxb4 19. Nd5 (19. Bxa6 Ra8 20. Bb5 Reb8 $19) 19... Qa4 20. b3 {[%emt 0:03:36] Really sharp! Active counter play!} Qa3 21. hxg6 hxg6 $2 (21... fxg6 22. Nxf6+ Bxf6) 22. g5 $18 Nh5 23. Bxg7 Kxg7 24. f4 Bxd5 25. exd5 Rh8 (25... Ng3 26. Qd4+ f6 27. gxf6+ Kf7 28. Rh7+ Kg8 29. Rg7+ (29. Rxe7 Rxe7 30. fxe7 Nxe2 $18) 29... Kh8 30. f7) 26. Bg4 ({Not} 26. Qd4+ Kg8 $14) (26. f5 $142 Qc5 27. fxg6 (27. Bxa6 Ra8 $14) 27... fxg6 28. Bc4 (28. Bxa6 Ra8 $18)) 26... Rcd8 $2 (26... Rc4 27. Bxh5 (27. bxc4 $2 {gets mated.} Rb8+) 27... gxh5) 27. Qd4+ {[%emt 0:04:12] Black is weak on the light squares} Kg8 28. f5 {[%emt 0:00:45] [#] Intending fxg6 and mate.} Qc5 29. Qb2 Rh7 30. fxg6 fxg6 31. Be6+ Kf8 32. Rdf1+ {[%emt 0:00:31] White took control after the opening.   Weighted Error Value: White=0.25 (precise) /Black=0.81.  Mistake:       	White=1     	Black=2      Inaccurate:     	White=1     	Black=1      OK:         	White=5     	Black=3      Best:        	White=2     	---} 1-0

[Event "45th FIDE Olympiad 2024"]
[Site "Budapest"]
[Date "2024.09.11"]
[Round "1.4"]
[White "Murshed, Niaz"]
[Black "Karabo, Mokete"]
[Result "1-0"]
[ECO "A79"]
[WhiteElo "2318"]
[BlackElo "1836"]
[Annotator "ChessBase"]
[PlyCount "55"]
[EventDate "2024.09.05"]
[EventType "team-tourn"]
[EventCountry "HUN"]
[SourceTitle "playchess.com"]
[Source "ChessBase"]
[SourceQuality "1"]
[WhiteTeam "Bangladesh"]
[BlackTeam "Lesotho"]
[WhiteTeamCountry "BAN"]
[BlackTeamCountry "LES"]
[TimeControl "40/5400+30:1800+30"]

1. d4 Nf6 2. c4 e6 3. Nf3 c5 4. d5 exd5 5. cxd5 d6 6. Nc3 g6 7. e4 Bg7 8. Nd2 O-O 9. Be2 Re8 10. O-O Na6 11. f3 Nc7 12. a4 b6 13. Nc4 Ba6 14. Bg5 Bxc4 15. Bxc4 a6 16. Qd3 h6 17. Bd2 Qe7 18. Rae1 Nd7 19. f4 Bd4+ 20. Kh1 b5 21. axb5 Reb8 22. bxa6 Rxb2 23. Rb1 Rb6 24. Ne2 Qf6 25. Ba5 Rxb1 26. Rxb1 Nxa6 27. Bxa6 Nb8 28. Bc4 1-0

[Event "45th FIDE Olympiad 2024"]
[Site "Budapest"]
[Date "2024.09.11"]
[Round "1.5"]
[White "Ziska, Helgi Dam"]
[Black "Mathurin, Nathaniel"]
[Result "0-1"]
[ECO "A07"]
[WhiteElo "2553"]
[BlackElo "1982"]
[Annotator "TA"]
[PlyCount "77"]
[EventDate "2024.09.05"]
[EventType "team-tourn"]
[EventCountry "HUN"]
[SourceTitle "playchess.com"]
[Source "ChessBase"]
[SourceQuality "1"]
[WhiteTeam "Faroe Islands"]
[BlackTeam "Saint Lucia"]
[WhiteTeamCountry "FAI"]
[TimeControl "40/5400+30:1800+30"]

1. Nf3 Nf6 2. g3 g6 3. Bg2 Bg7 4. O-O O-O 5. c4 c6 6. d3 d5 7. Qb3 dxc4 8. Qxc4 Nbd7 9. Nbd2 {[%cal Bb1d2,Bd2b3,Bb3a5][%mdl 32] The position is equal.} Qa5 10. Qc2 Nb6 11. h3 Rd8 12. Nb3 Qa4 13. Bd2 Be6 14. Rfc1 Nfd7 15. Na5 Rab8 (15... Qxc2 $2 16. Rxc2 Re8 17. Ng5 $18 (17. Nxb7 Rab8 $18)) 16. b3 Qa3 17. Rab1 h6 18. d4 Nf6 19. e4 {Wards off Bf5} Ne8 $1 20. Qc5 $36 {[%mdl 2048] Black is under pressure.} Qxa2 (20... Qxc5 $14 21. dxc5 (21. Rxc5 g5 $14) 21... Na8) 21. Qc3 $1 $18 {Threatens to win with Ra1.} (21. Qxe7 Rd6 $16) 21... Qa3 {[#]} 22. Bf4 {[%cal Ob1a1] Prevents Nc7. Strongly threatening Ra1!} g5 23. Bxb8 Rxb8 24. Ra1 Qd6 25. Nc4 Nxc4 26. bxc4 (26. e5 Nxe5 27. dxe5 Qd7 $14) 26... c5 27. e5 cxd4 28. Qa5 (28. Nxd4 $2 Bxe5 29. c5 (29. Rd1 $2 Rd8 $19) 29... Qxd4 $19) (28. Qxd4 Qxd4 29. Nxd4 Bxe5 30. Nxe6 Bxa1 31. Rxa1 fxe6) 28... Qd8 29. Qxa7 d3 30. Rab1 Qc7 31. Qe3 Rd8 32. Nd2 (32. Bf1 $18) 32... Bxe5 $11 33. Rxb7 Bd4 $1 34. Qf3 Qc5 (34... Qe5 $11 {might be stronger.}) 35. Rb3 {[#] White is weak on the dark squares} (35. Nb3 $14 Qd6 (35... Qa3 36. Rd1 $18) 36. Nxd4 (36. Qxd3 $2 Bxf2+ 37. Kxf2 Qxd3 $19) (36. c5 Bxc5 37. Nxc5 d2 $15) 36... Qxd4 37. Rxe7) 35... Bd5 {A strong pair of Bishops.} 36. Qxd3 $16 (36. cxd5 $2 {perishes.} Qxc1+ 37. Nf1 d2 $19) 36... Bxf2+ 37. Kh2 Nf6 ({Wrong is} 37... Bxg3+ $2 38. Qxg3 Bxg2 39. Qxg2 $18) (37... Bxg2 $16 38. Qxd8 Bc6) 38. Rf1 (38. Bxd5 Rxd5 39. cxd5 Qxc1 $18) 38... Bxg3+ 39. Qxg3 {[%mdl 32768] Weighted Error Value: White=0.21 (precise) /Black=0.25 (precise) .  Loses game:     	---       	Black=1      Mistake:       	White=2     	Black=3      Inaccurate:     	White=2     	Black=1      OK:         	White=18    	Black=13     Best:        	White=1     	Black=2      Strong:       	---       	Black=2     . Loss on time!?} 0-1

[Event "45th FIDE Olympiad 2024"]
[Site "Budapest"]
[Date "2024.09.11"]
[Round "1.5"]
[White "Giron, Jorge Ernesto"]
[Black "Leko, Peter"]
[Result "0-1"]
[ECO "E16"]
[WhiteElo "2276"]
[BlackElo "2666"]
[Annotator "TA"]
[PlyCount "90"]
[EventDate "2024.09.05"]
[EventType "team-tourn"]
[EventCountry "HUN"]
[SourceTitle "playchess.com"]
[Source "ChessBase"]
[SourceQuality "1"]
[WhiteTeam "El Salvador"]
[BlackTeam "Hungary"]
[WhiteTeamCountry "ESA"]
[BlackTeamCountry "HUN"]
[TimeControl "40/5400+30:1800+30"]

1. d4 Nf6 2. c4 e6 3. g3 Bb4+ 4. Nd2 O-O 5. Ngf3 d5 6. Bg2 b6 7. O-O Bb7 8. a3 Be7 9. Ne5 c5 10. dxc5 bxc5 {[%emt 0:01:42] [#] The position is equal.} 11. b4 cxb4 $15 12. axb4 Bxb4 13. Qb3 a5 14. Ba3 Na6 15. Rfd1 (15. Qb2 $11) 15... Nc5 $17 {[%emt 0:11:27] Black continues to play with concentration.} 16. Qc2 Qe7 17. Rdb1 (17. Bxb4 $142 axb4 18. Rab1) 17... Bxa3 18. Rxa3 a4 19. Rba1 (19. cxd5 $17 exd5 20. Qb2) 19... Rfc8 20. Nd3 Nfd7 21. Qb2 {[%emt 0:10:25] [#]} (21. Qa2 $17) 21... Rab8 $1 $19 22. Qa2 d4 23. f4 (23. Qc2 $17) 23... Bxg2 24. Kxg2 f6 25. Re1 e5 26. fxe5 fxe5 27. Nxc5 $2 (27. Nb2) 27... Nxc5 ({Inferior is} 27... Rxc5 28. Rxa4 Qe6 29. Ra6 $11) 28. Rf3 h6 29. Qa3 Qb7 {[%emt 0:00:55] Prevents Ne4. Threatens to win with ...e4.} ({Much less strong is} 29... e4 30. Rf5 $19) 30. Rb1 Qc6 31. Rbf1 Rb7 32. Kg1 Rcb8 33. Rf5 Rb2 34. Rxe5 $2 (34. Rf8+ Kh7 35. Rxb8 Rxb8 36. Qa2) 34... Nd7 35. Rb5 Rxd2 36. Rxb8+ Nxb8 37. Qf8+ Kh7 38. Qxb8 {[%emt 0:01:01][%mdl 4096] Endgame. KQR-KQR} d3 39. Qf4 Rxe2 {[%emt 0:00:07][%csl Ge2][%cal Rc6g2] Black mates.} (39... Qc5+ 40. e3 Qh5 41. Qe4+ Qg6 42. Qd5 $19) 40. Qf5+ Qg6 41. Qf3 a3 42. c5 Qe4 43. Qxe4+ Rxe4 44. Rd1 a2 45. Kf2 {[%emt 0:00:27] [#]} d2 $1 {[%emt 0:00:37][%mdl 512] Weighted Error Value: White=0.63/Black=0.12 (very precise) .  Mistake:       	White=8     	---        Inaccurate:     	White=1     	Black=3      OK:         	White=5     	Black=12     Best:        	White=1     	---        Strong:       	---       	Black=1} 0-1

[Event "45th FIDE Olympiad 2024"]
[Site "Budapest"]
[Date "2024.09.11"]
[Round "1.6"]
[White "Sjugirov, Sanan"]
[Black "Chavez, Ricardo Ernesto"]
[Result "1-0"]
[ECO "B42"]
[WhiteElo "2644"]
[BlackElo "2185"]
[Annotator "TA"]
[PlyCount "49"]
[EventDate "2024.09.05"]
[EventType "team-tourn"]
[EventCountry "HUN"]
[SourceTitle "playchess.com"]
[Source "ChessBase"]
[SourceQuality "1"]
[WhiteTeam "Hungary"]
[BlackTeam "El Salvador"]
[WhiteTeamCountry "HUN"]
[BlackTeamCountry "ESA"]
[TimeControl "40/5400+30:1800+30"]

1. e4 c5 2. Nf3 e6 3. d4 cxd4 4. Nxd4 a6 5. Bd3 Nf6 6. O-O Qc7 7. Qe2 d6 8. c4 g6 9. Nc3 Bg7 10. Nf3 O-O 11. Rd1 Nc6 12. Bf4 Ng4 (12... e5 $11 {keeps the balance.} 13. Be3 Bg4) 13. Qd2 Nge5 14. Be2 {[%emt 0:02:18] White is slightly better.} Nxf3+ 15. Bxf3 Nd4 16. Be2 Nxe2+ 17. Qxe2 ({Much worse is} 17. Nxe2 Qxc4 18. Bxd6 Rd8 $11) 17... Bxc3 $2 {[%emt 0:03:17][%mdl 8192] [#] Loses the game.} (17... Rd8 $16) 18. Bxd6 $1 $18 (18. bxc3 e5 19. Bh6 Re8 $16) 18... Qb6 19. Bxf8 ({Don't take} 19. bxc3 Re8 20. Rab1 Qc6 $18) 19... Qxb2 (19... Kxf8 20. bxc3 e5) 20. Qxb2 {[%emt 0:01:21] White is clearly winning.} Bxb2 {[%emt 0:00:07] [#]} 21. Rd8 $1 Bf6 22. Re8 h5 23. Be7+ Kg7 24. Bxf6+ Kxf6 25. Rd1 {[%emt 0:00:10] Weighted Error Value: White=0.10 (very precise) /Black=0.60.  Loses game:     	---       	Black=1      Mistake:       	---       	Black=2      Inaccurate:     	White=1     	Black=1      OK:         	White=3     	Black=4      Strong:       	White=1     	---} 1-0